 Dungeon Crawl Stone Soup version 0.29.1-2-gbd0b4ee654 (webtiles) character file.

Game seed: 10274495546271783797

59 hawla the Chiller (level 4, 0/33 HPs)
             Began as a Meteoran Ice Elementalist on Dec 1, 2022.
             Slain by Pikel
             ... wielding a +2 whip of freezing
              (2 damage)
             ... on level 4 of the Dungeon.
             The game lasted 00:03:16 (719 turns).

hawla the Chiller (Meteoran Ice Elementalist)        Turns: 719, Time: 00:03:17

Health: 0/33       AC:  2    Str: 14 (15) XL:     4   Next: 46%
Magic:  9/9        EV: 12    Int: 18 (19) God:
Gold:   78         SH:  0    Dex: 12 (14) Spells: 1/9 levels left

rFire   . . .      SeeInvis .   n - +2 dagger (venom)
rCold   . . .      Faith    .   (no shield)
rNeg    . . .      Spirit   .   a - +0 robe
rPois   .          Reflect  .   (no helmet)
rElec   .          Harm     .   (no cloak)
rCorr   .          Rampage  .   (no gloves)
Will    .....                   (no boots)
Stlth   +.........              e - amulet of the acrobat
HPRegen 0.11/turn               k - +6 ring of strength
MPRegen 0.11/turn               (no ring)

@: glowing
A: sense surroundings 1, otherworldly, glowing, explore regen
a: no special abilities


You were on level 4 of the Dungeon.
You visited 1 branch of the dungeon, and saw 4 of its levels.

You collected 78 gold pieces.

Inventory:

Hand Weapons
 n - a +2 dagger of venom (weapon)
Armour
 a - a +0 robe (worn)
Jewellery
 e - an amulet of the acrobat (around neck)
 k - a +6 ring of strength (left hand)
Wands
 m - a wand of paralysis (11)
Scrolls
 f - 2 scrolls of teleportation {unknown}
 i - a scroll of summoning {unknown}
 j - a scroll of identify
 l - 2 scrolls of fear {unknown}
Potions
 b - 2 potions of magic
 c - a potion of might
 g - a potion of resistance {unknown}
 h - 2 potions of lignification {unknown}


   Skills:
 - Level 2.8 Dodging
 - Level 1.4 Stealth
 - Level 3.3 Spellcasting
 + Level 5.6 Ice Magic


You had one spell level left.
You knew the following spells:

 Your Spells              Type           Power      Damage    Failure   Level
a - Freeze                Ice            92%        1d10      1%          1
b - Frozen Ramparts       Ice            46%        1d7       4%          3
c - Hailstorm             Conj/Ice       13%        3d5       45%         4

Your spell library contained the following spells:

 Spells                   Type           Power      Damage    Failure   Level
 Ozocubu's Armour         Ice            23%        N/A       4%          3
 Sublimation of Blood     Necr           2%         N/A       24%         2
 Wereblood                Tmut           2%         N/A       24%         2
 Gell's Gravitas          Tloc           2%         N/A       43%         3
 Lesser Beckoning         Tloc           2%         N/A       43%         3
 Teleport Other           Tloc           2%         N/A       43%         3
 Summon Hydra             Summ           1%         N/A       100%        7


Dungeon Overview and Level Annotations

Branches:
Dungeon (4/15) Zot: 1681   Temple (0/1) D:4

Altars:
Fedhas

Shops:
D:1 (

Annotations:
D:4 Pikel


Innate Abilities, Weirdness & Mutations

You passively map a small area around you.
You are easily found by Zot.
You glow in the dark.
You regain HP and MP as you explore.


Message History

Found a scroll labelled SIATSA YDEG.
The kobold closely misses you.
Casting: Freeze (safe; 1% risk of failure)
Confirm with . or Enter, or press ? or * to list all spells.
Aiming: Freeze (safe; 1% risk of failure)
Press: ? - help, Shift-Dir - straight line, f - kobold
Aim: a kobold, wielding a +2 dagger of venom You freeze the kobold.
You kill the kobold!
Things that are here:
a +2 dagger of venom; a kobold corpse
f - 2 scrolls labelled SIATSA YDEG (gained 1)
You open the door. 4 lemures come into view.
The lemure shouts! x3
Pikel, Merchant of Souls comes into view.
He is wielding a +2 whip of freezing.
Things that are here:
a +2 dagger of venom; a kobold corpse Your +2 dagger of venom begins to drip with poison!
n - a +2 dagger of venom (weapon)
The lemure closely misses you. The lemure completely misses you.
The lemure attacks as you move away! The lemure hits you but does no damage.
The lemure attacks as you move away! The lemure hits you.
The lemure attacks as you move away! The lemure hits you.
The lemure misses you.
Pikel hits you with a +2 whip of freezing.
Pikel freezes you.
You closely miss Pikel. The lemure barely misses you. The lemure hits you!
The lemure hits you. Pikel waves his whip at you.
Pikel hits you with a +2 whip of freezing!
* * * LOW HITPOINT WARNING * * *
Pikel freezes you.
* * * LOW HITPOINT WARNING * * *
It was a potion of degeneration.
There was something very wrong with that liquid.
You feel weakened.
You feel dopey.
You feel clumsy.
The lemure misses you. x2; The lemure hits you but does no damage.
Pikel hits you with a +2 whip of freezing.
You die...

,,, , +..... #...#.....
.###...#..... #.....# ,,
.>.....#..... #K....#, ,
.......#..... #.....#
.......#.....
#.....##########....#.....
.....#.5......#....#.....
....#.5@.....#....')....
#####'##.K55..>.#....#)....
#...............+....#)....
#...............####+#.....
#..........................
#..........................
#..........................
#....†.....................
#.......########......#####


You could see Pikel and 4 lemures.

Vanquished Creatures
  An orc wizard (D:4)
  An adder (D:3)
  A worm (D:4)
  4 orcs
  3 endoplasms
  A giant cockroach (D:4)
  A goblin (D:1)
  2 hobgoblins (D:4)
  2 quokkas
  A frilled lizard (D:2)
  A kobold (D:4)
18 creatures vanquished.

Notes
Turn   | Place    | Note
-------+----------+-------------------------------------------
     0 | D:1      | hawla the Meteoran Ice Elementalist began the quest for the
                  | Orb.
     0 | D:1      | Reached XP level 1. HP: 14/14 MP: 5/5
   114 | D:1      | Found a faded altar of an unknown god.
   132 | D:1      | Found Wikiture's Antique Weapon Boutique.
   310 | D:3      | Reached XP level 2. HP: 20/20 MP: 4/6
   339 | D:3      | Reached skill level 5 in Ice Magic
   391 | D:3      | Reached XP level 3. HP: 25/26 MP: 6/8
   395 | D:3      | Learned a level 3 spell: Frozen Ramparts
   602 | D:4      | Found a blossoming altar of Fedhas.
   657 | D:4      | Reached XP level 4. HP: 19/33 MP: 4/9
   662 | D:4      | Learned a level 4 spell: Hailstorm
   704 | D:4      | Noticed a lemure
   704 | D:4      | Noticed a lemure
   704 | D:4      | Noticed a lemure
   704 | D:4      | Noticed a lemure
   704 | D:4      | Noticed Pikel
   719 | D:4      | Slain by Pikel

Illustrated notes

Levels and vault maps discovered:
D:1:      dpeg_arrival_circle_labyrinth_c, layout_basic, serial_shops,
          nicolae_shop_advertising_works [nicolae_subvault_shop_adworks],
          hellmonk_ecumenical_altar_blasted
D:2:      layout_basic
D:3:      layout_basic, kennysheep_generic_room_16
D:4:      layout_gridville, fedhas_altar_decomposition, kennysheep_mini,
          minmay_temple_entry_poolview, dk_noncrumbling_3, uniq_blork_the_orc,
          uniq_pikel

Skill      XL: |  1  2  3 |
---------------+----------+-----
Ice Magic      | 5 |  5.6
Spellcasting   | 3 |  3.3
Dodging        | |  2.8
Stealth        | |  1.4

Action                   |  1- 3 |  4- 6 || total
-------------------------+-------+-------++-------
Melee: Unarmed           |     1 |       ||     1
       Dagger            |       |     1 ||     1
 Cast: Freeze            |    18 |     1 ||    19
       Frozen Ramparts   |     2 |       ||     2
  Use: Scroll            |     2 |       ||     2
       Potion            |       |     1 ||     1
Armor: Robe              |     5 |     2 ||     7
Dodge: Dodged            |    12 |     7 ||    19
